 Dungeon Sprint DCSS version 0.29.1-15-g9cfb28693d (webtiles) character file.

Game seed: 14370554403597502772

22425 CrazyBamboolord the Peltast (level 12, -4/128 HPs)
             Began as a Minotaur Fighter on Nov 29, 2023.
             Was the Champion of Makhleb.
             Slain by a vampire knight
             ... wielding a +2 long sword of electrocution
              (17 damage)
             ... in the Dungeon (Sprint IX: "|||||||||||||||||||||||||||||").
             The game lasted 00:13:33 (3927 turns).

CrazyBamboolord the Peltast (Minotaur Fighter)      Turns: 3927, Time: 00:13:34

Health: -4/128     AC: 37    Str: 28    XL:     12   Next: 62%
Magic:  18/18      EV: 12    Int:  5    God:    Makhleb [******]
Gold:   21         SH: 16    Dex: 11    Spells: 11/11 levels left

rFire   . . .      SeeInvis +   o - +4 morningstar (protect)
rCold   . . .      Faith    .   k - +2 kite shield {reflect}
rNeg    . . .      Spirit   .   e - +5 plate armour
rPois   .          Reflect  +   (helmet restricted)
rElec   .          Harm     .   u - +1 cloak
rCorr   .          Rampage  .   a - +0 pair of gloves
Will    .....      NoTele   +   H - +1 pair of boots
Stlth   ..........              c - amulet of regeneration
HPRegen 1.11/turn               r - +3 ring of strength
MPRegen 0.16/turn               F - ring of see invisible

@: under a protective aura
A: horns 2, retaliatory headbutt
a: Renounce Religion, Minor Destruction, Lesser Servant of Makhleb, Major
Destruction, Greater Servant of Makhleb


You were in the Dungeon.
You worshipped Makhleb.
Makhleb was exalted by your worship.
You visited 1 branch You collected 1916 gold pieces.
You spent 1895 gold pieces at shops.

Inventory:

Hand Weapons
 n - the +2 halberd of Giloasug {freeze, Fragile rN+++ rCorr Dex-2}
   (You found it in the Dungeon)

   It freezes those it strikes, dealing additional cold damage.
   It can also slow down cold-blooded creatures.
   Dex:       It affects your dexterity (-2).
   rN:        It renders you almost immune to negative energy.
   rCorr:     It protects you from acid and corrosion.
   Fragile:   It will be destroyed if unequipped.
 o - a +4 morningstar of protection (weapon)
 p - a +3 war axe of freezing
 G - the +6 flail of Omof {vorpal, SInv}
   (You found it in the Dungeon)

   It inflicts extra damage upon your enemies.
   SInv:      It lets you see invisible.
Missiles
 B - 5 curare-tipped darts
Armour
 a - a +0 pair of gloves (worn)
 e - a +5 plate armour (worn)
 f - a +0 pair of boots
 k - a +2 kite shield of reflection (worn)
 u - a +1 cloak (worn)
 H - a +1 pair of boots (worn)
 I - +1 ice dragon scales
Jewellery
 c - an amulet of regeneration (around neck)
 r - a +3 ring of strength (left hand)
 y - a ring of protection from fire
 A - a ring of protection from cold
 D - a +6 ring of dexterity
 E - a ring of fire
 F - a ring of see invisible (right hand)
Wands
 m - a wand of quicksilver (6) (quivered)
 C - a wand of polymorph (6)
Scrolls
 g - 6 scrolls of butterflies
 l - 2 scrolls of amnesia
 t - 2 scrolls of identify
Potions
 b - 3 potions of mutation
 d - a potion of brilliance
 h - 4 potions of magic
 i - a potion of berserk rage
 q - a potion of might
 v - 3 potions of curing
 w - a potion of flight
 x - 3 potions of haste
 z - 2 potions of cancellation
 K - 2 potions of resistance


   Skills:
 * Level 18.3 Fighting
 * Level 18.1 Maces & Flails
 + Level 2.1 Throwing
 * Level 18.3 Armour
 + Level 12.0 Dodging
 * Level 18.3 Shields
 + Level 9.4 Invocations


You had 11 spell levels left.
You didn't know any spells.
Your spell library was empty.

Dungeon Overview and Level Annotations

Branches:
Dungeon (1/1)

Altars:
Cheibriados
Dithmenos
Elyvilon
Fedhas
Gozag
Hepliaklqana
Kikubaaqudgha
Makhleb
Nemelex Xobeh
Okawaru
Qazlal
Ru
Sif Muna
Trog
Uskayaw
Vehumet
Wu Jian
Xom
Yredelemnul
Zin
The Shining One
Jiyva
Lugonu

Shops:
D [(!=


Innate Abilities, Weirdness & Mutations

You have a pair of horns on your head.
You reflexively headbutt those who attack you in melee.


Message History

Okay, then.
You feel much better.
The vampire knight draws life force from you!
* * * LOW HITPOINT WARNING * * *
The vampire knight is healed by the life force!
Unknown command.
You barely miss the vampire knight.
Your headbutt misses the vampire knight.
The vampire knight is severely damaged.
The vampire knight draws life force from you!!
* * * LOW HITPOINT WARNING * * *
The vampire knight is healed by the life force!
You block the fire giant's attack.
Blink to where?
Press: ? - help, Dir - move target, p - vampire knight
As you read the scroll of blinking, it crumbles to dust.
The vampire knight mumbles some strange words.
The vampire knight flickers and vanishes for a moment.
You see here +0 swamp dragon scales.
The vampire knight points at you and mumbles some strange words.
The vampire knight blinks!
You see here a +1 great mace.
You puncture the vampire knight!
Your weapon exudes an aura of protection.
The vampire knight is heavily damaged.
The vampire knight draws life force from you!
* * * LOW HITPOINT WARNING * * *
The vampire knight is healed by the life force!
Unknown command.
Hit: o) +4 morningstar (protect)
Press: ? - help, Dir - move target, f - vampire knight
Aim: a vampire knight, wielding a +2 long sword of electrocution and wearing a +0 plate armour (heavily damaged, slightly transparent, about 20% to evade your +4 morningstar of protection)
Okay, then.
You hit the vampire knight.
The vampire knight is heavily damaged.
Unknown command.
You feel better.
The vampire knight hits you but does no damage.
You are electrocuted!
You die...

▓▓▓▓▓▓▓▓▓▓▓▓▓▓▓▓▓▓▓▓▓▓▓▓▓▓▓▓▓▓▓▓▓
....'...=.))))))@V.[..C[§C[§..C.R
▓▓▓▓▓▓▓▓▓▓▓▓▓▓▓▓▓▓▓▓▓▓▓▓▓▓▓▓▓▓▓▓▓
..............................)..
▓▓▓▓▓▓▓▓▓▓▓▓▓▓▓▓▓▓▓▓▓▓▓▓▓▓▓▓▓▓▓▓▓
).....).')............)))))))....
▓▓▓▓▓▓▓▓▓▓▓▓▓▓▓▓▓▓▓▓▓▓▓▓▓▓▓▓▓▓▓▓▓
..................)..............
▓▓▓▓▓▓▓▓▓▓▓▓▓▓▓▓▓▓▓▓▓▓▓▓▓▓▓▓▓▓▓▓▓
..'......)).....÷÷........†....÷.


You could see a fire giant and a vampire knight (invisible).

Vanquished Creatures
  An ettin (D)
  2 two-headed ogres (D)
  2 centaur warriors (D)
  9 orc high priests (D)
  Sonja (D)
  8 orc knights (D)
  An orc sorcerer (D)
  A wolf spider (D)
  2 ugly things (D)
  A cyclops (D)
  7 cane toads (D)
  Joseph (D)
  A gargoyle (D)
  6 komodo dragons (D)
  A rime drake (D)
  A tengu conjurer (D)
  A troll (D)
  A meliai (D)
  2 tyrant leeches (D)
  A blink frog (D)
  A wyvern (D)
  2 wraiths (D)
  A yak (D)
  A vampire mosquito (D)
  Grum (D)
  4 water moccasins (D)
  8 orc warriors (D)
  4 wolves (D)
  A phantom (D)
  4 bullfrogs (D)
  A scorpion (D)
  A killer bee (D)
  5 orc priests (D)
  2 hounds (D)
  3 orc wizards (D)
  A dart slug (D)
  4 orcs (D)
  An endoplasm (D)
  2 hobgoblins (D)
  A kobold (D)
  A rat (D)
99 creatures vanquished.

Notes
Turn   | Place    | Note
-------+----------+-------------------------------------------
     0 | D        | CrazyBamboolord the Minotaur Fighter began the quest for
                  | the Orb.
     0 | D        | Reached XP level 1. HP: 19/19 MP: 0/0
    68 | D        | Noticed a scorpion
    68 | D        | Noticed a hound
    68 | D        | Noticed a hound
    68 | D        | Noticed a phantom
    75 | D        | Killed a scorpion
    76 | D        | Reached skill level 5 in Fighting
    76 | D        | Reached skill level 5 in Armour
    76 | D        | Reached skill level 5 in Shields
    76 | D        | Reached XP level 2. HP: 13/30 MP: 1/1
    76 | D        | Reached XP level 3. HP: 16/37 MP: 2/2
    82 | D        | Reached skill level 5 in Maces & Flails
    82 | D        | Reached XP level 4. HP: 16/44 MP: 3/3
    91 | D        | Killed a phantom
    92 | D        | Reached XP level 5. HP: 14/52 MP: 4/4
   315 | D        | Found a snail-covered altar of Cheibriados.
   315 | D        | Found a shadowy altar of Dithmenos.
   315 | D        | Found a white marble altar of Elyvilon.
   315 | D        | Found a blossoming altar of Fedhas.
   315 | D        | Found an opulent altar of Gozag.
   316 | D        | Found a hazy altar of Hepliaklqana.
   317 | D        | Found a viscous altar of Jiyva.
   318 | D        | Found an ancient bone altar of Kikubaaqudgha.
   319 | D        | Found a corrupted altar of Lugonu.
   320 | D        | Found a burning altar of Makhleb.
   321 | D        | Found a sparkling altar of Nemelex Xobeh.
   322 | D        | Found an iron altar of Okawaru.
   323 | D        | Found a stormy altar of Qazlal.
   324 | D        | Found a sacrificial altar of Ru.
   325 | D        | Found a shimmering blue altar of Sif Muna.
   326 | D        | Found a bloodstained altar of Trog.
   327 | D        | Found a hide-covered altar of Uskayaw.
   328 | D        | Found a radiant altar of Vehumet.
   329 | D        | Found an ornate altar of the Wu Jian Council.
   330 | D        | Found a shimmering altar of Xom.
   331 | D        | Found a basalt altar of Yredelemnul.
   332 | D        | Found a glowing silver altar of Zin.
   333 | D        | Found a glowing golden altar of the Shining One.
   346 | D        | Became a worshipper of Makhleb the Destroyer
   368 | D        | Got the +2 halberd of Giloasug {freeze, Fragile rN+++ rCorr
                  | Dex-2}
   400 | D        | Noticed a wyvern
   400 | D        | Noticed a gargoyle
   400 | D        | Noticed a vampire mosquito
   400 | D        | Noticed a wraith
   400 | D        | Noticed a two-headed ogre
   406 | D        | Killed a wyvern
   407 | D        | Reached XP level 6. HP: 43/62 MP: 5/5
   411 | D        | Killed a gargoyle
   412 | D        | Reached skill level 5 in Dodging
   412 | D        | Reached XP level 7. HP: 28/71 MP: 6/6
   416 | D        | Killed a vampire mosquito
   416 | D        | Reached * piety under Makhleb
   417 | D        | Reached skill level 10 in Fighting
   417 | D        | Reached skill level 10 in Armour
   417 | D        | Reached skill level 10 in Shields
   419 | D        | Killed a wraith
   420 | D        | Reached skill level 10 in Maces & Flails
   425 | D        | Killed a two-headed ogre
   426 | D        | Reached XP level 8. HP: 25/82 MP: 6/8
   426 | D        | Reached ** piety under Makhleb
   667 | D        | Noticed a two-headed ogre
   667 | D        | Noticed a centaur warrior
   667 | D        | Noticed a troll
   667 | D        | Noticed a tengu conjurer
   667 | D        | Noticed a brown ugly thing
   681 | D        | Killed a two-headed ogre
   682 | D        | Reached XP level 9. HP: 59/90 MP: 8/10
   690 | D        | Killed a centaur warrior
   699 | D        | Killed a troll
   699 | D        | Reached *** piety under Makhleb
   709 | D        | Killed a brown ugly thing
   715 | D        | Killed a tengu conjurer
   966 | D        | Noticed a komodo dragon
   966 | D        | Noticed a komodo dragon
   966 | D        | Noticed a komodo dragon
   967 | D        | Noticed a cane toad
   974 | D        | Noticed a komodo dragon
   979 | D        | Reached **** piety under Makhleb
   980 | D        | Reached XP level 10. HP: 101/101 MP: 12/12
   986 | D        | Reached skill level 5 in Invocations
   986 | D        | Noticed a cane toad
  1004 | D        | Killed a cane toad
  1004 | D        | Reached ***** piety under Makhleb
  1019 | D        | Killed a cane toad
  1225 | D        | Noticed a cane toad
  1238 | D        | Killed a cane toad
  1257 | D        | Noticed a cane toad
  1263 | D        | Killed a cane toad
  1263 | D        | Reached ****** piety under Makhleb
  1335 | D        | Noticed a cane toad
  1335 | D        | Noticed a cane toad
  1336 | D        | Noticed a cane toad
  1338 | D        | Reached skill level 15 in Fighting
  1338 | D        | Reached skill level 15 in Shields
  1340 | D        | Killed a cane toad
  1341 | D        | Reached skill level 15 in Armour
  1352 | D        | Reached XP level 11. HP: 72/112 MP: 14/14
  1364 | D        | Reached skill level 15 in Maces & Flails
  1388 | D        | Reached skill level 10 in Dodging
  1700 | D        | Noticed Grum
  1708 | D        | Killed Grum
  1787 | D        | Noticed an orc knight
  1798 | D        | Killed an orc knight
  1905 | D        | Noticed an ettin
  1961 | D        | Killed an ettin
  2263 | D        | Noticed an orc high priest
  2263 | D        | Noticed an orc knight
  2263 | D        | Noticed an orc sorcerer
  2270 | D        | Killed an orc high priest
  2280 | D        | Killed an orc knight
  2297 | D        | Killed an orc sorcerer
  2374 | D        | Found Veodata's Armour Emporium.
  2374 | D        | Noticed an orc high priest
  2374 | D        | Noticed an orc high priest
  2374 | D        | Noticed an orc knight
  2374 | D        | Noticed an orc high priest
  2374 | D        | Noticed an orc knight
  2375 | D        | Noticed an orc high priest
  2391 | D        | Killed an orc high priest
  2399 | D        | Noticed an orc high priest
  2402 | D        | Killed an orc high priest
  2407 | D        | Noticed a sun demon
  2413 | D        | Killed an orc knight
  2417 | D        | Killed an orc high priest
  2421 | D        | Noticed an orc high priest
  2422 | D        | Killed an orc knight
  2423 | D        | Found Suys's Weapon Shoppe.
  2426 | D        | Killed an orc high priest
  2427 | D        | Reached XP level 12. HP: 60/125 MP: 17/17
  2429 | D        | Found Kaucrej's Distillery.
  2432 | D        | Killed an orc high priest
  2434 | D        | Found Serhiof's Jewellery Shoppe.
  2440 | D        | Killed an orc high priest
  2443 | D        | Noticed an orc high priest
  2952 | D        | Killed an orc high priest
  3375 | D        | Noticed an orc high priest
  3381 | D        | Killed an orc high priest
  3461 | D        | Bought a +2 kite shield of reflection for 259 gold pieces
  3478 | D        | Bought an amulet of regeneration for 360 gold pieces
  3485 | D        | Bought a potion of might for 52 gold pieces
  3485 | D        | Bought a potion of curing for 39 gold pieces
  3485 | D        | Bought a potion of flight for 39 gold pieces
  3485 | D        | Bought 2 potions of curing for 78 gold pieces
  3485 | D        | Bought 2 potions of haste for 260 gold pieces
  3485 | D        | Bought a potion of cancellation for 104 gold pieces
  3485 | D        | Bought a potion of mutation for 104 gold pieces
  3487 | D        | Bought a ring of protection from fire for 300 gold pieces
  3489 | D        | Bought a ring of protection from cold for 300 gold pieces
  3536 | D        | Noticed Sonja
  3551 | D        | Killed Sonja
  3646 | D        | Noticed Joseph
  3718 | D        | Killed Joseph
  3803 | D        | Got the +6 flail of Omof {vorpal, SInv}
  3855 | D        | Noticed a centaur warrior
  3874 | D        | Reached skill level 1 in Throwing
  3876 | D        | Noticed a vampire knight
  3877 | D        | Noticed a fire giant
  3882 | D        | Killed a centaur warrior
  3890 | D        | Noticed an ettin
  3895 | D        | Noticed a stone giant
  3919 | D        | HP: 6/128 [vampire knight/vampiric draining (22)]
  3925 | D        | HP: 4/128 [vampire knight/vampiric draining (8)]
  3927 | D        | Slain by a vampire knight

Illustrated notes

Levels and vault maps discovered:
D:        linesprint [early_d, line_temple, items_1, d_10, items_2, lair_1,
          lair_end, items_3, orc_1, orc_end, items_4, d_15, swamp_1, shoals_1,
          snake_1, spider_1, d_20, vaults_1, items_5, swamp_end, shoals_end,
          snake_end, spider_end, vaults_end, d_27, items_6, zot_1, zot_end,
          crypt_end, forest_end, elf_end, slime_end, tomb_end, abyss_end,
          pan_hell_end]

Skill      XL: |  1  2  3  4  5  6  7  8  9 10 11 12 |
---------------+-------------------------------------+-----
Fighting       | 5 6 7 8 9 11 12 13 15 17 18 | 18.3
Armour         | 5 6 7 8 9 11 12 13 15 17 18 | 18.3
Maces & Flails | 4 5 6 8 9 10 11 13 14 16 18 | 18.1
Shields        | 5 6 7 8 9 11 12 13 15 17 18 | 18.3
Dodging        | 2 3 4 5 6 7 8 9 11 12 | 12.0
Invocations    | 2 3 4 6 8 9 |  9.4
Throwing       | 2 |  2.1

Action                   |  1- 3 |  4- 6 |  7- 9 | 10-12 || total
-------------------------+-------+-------+-------+-------++-------
Melee: Flail             |    21 |    10 |       |       ||    31
       Headbutt          |     4 |     5 |     9 |   100 ||   118
       Morningstar       |       |    10 |    71 |   415 ||   496
Invok: Lesser Servant of |       |       |       |     1 ||     1
       Major Destruction |       |       |       |     1 ||     1
       Greater Servant o |       |       |       |     1 ||     1
Evoke: Wand              |       |       |       |     4 ||     4
  Use: Potion            |       |     1 |     3 |    13 ||    17
       Scroll            |       |       |       |     7 ||     7
 Stab: Invisible         |       |       |       |     9 ||     9
Armor: Scale mail        |     8 |     2 |       |       ||    10
       Plate armour      |       |     2 |    32 |   152 ||   186
Dodge: Dodged            |     3 |     8 |    22 |    93 ||   126
Block: Buckler           |     5 |     4 |    23 |    70 ||   102
       Kite shield       |       |       |       |    73 ||    73
       Reflection        |       |       |       |     2 ||     2
